 Dungeon Crawl Stone Soup version 0.22-a0-422-g9628fc8 (webtiles) character file.

406 Verendum the Sneak (level 6, 0/63 HPs)
             Began as an Octopode Monk on May 19, 2018.
             Succumbed to grindst0ne's ghost's poison
             ... on level 5 of the Dungeon.
             The game lasted 00:06:11 (3706 turns).

Verendum the Sneak (Octopode Monk)                  Turns: 3706, Time: 00:06:12

Health: 0/63       AC:  1    Str: 17    XL:     6   Next: 87%
Magic:  6/6        EV: 22    Int: 12    God:
Gold:   239        SH:  0    Dex: 20    Spells: 5/5 levels left

rFire    . . .     SeeInvis .     - Unarmed
rCold    . . .     Gourm    .   (no shield)
rNeg     . . .     Faith    .   (helmet restricted)
rPois    .         Spirit   .   s - amulet of the acrobat
rElec    .         Reflect  .   l - +2 ring of evasion
rCorr    .         Harm     .   m - ring of stealth
MR       .....                  (no ring)
Stlth    ..........             (no ring)
HPRegen  0.20/turn              (no ring)
MPRegen  0.10/turn              (no ring)
                                (no ring)
                                (no ring)

@: agile, berserking, lethally poisoned (0 -> -35), very quick
A: almost no armour, stealthy swim, amphibious, 8 rings, constrict 8, camouflage
1, gelatinous body 1
a: no special abilities


You were on level 5 of the Dungeon.
You were hungry.

You visited 1 branch of the dungeon, and saw 5 of its levels.

You collected 239 gold pieces.

Inventory:

Jewellery
 l - a +2 ring of evasion (left tentacle)
 m - a ring of stealth (right tentacle)
 s - an amulet of the acrobat (around mantle)
Scrolls
 b - 2 scrolls of teleportation {unknown}
 c - 5 scrolls of identify {unknown}
 d - a scroll of random uselessness {unknown}
 e - 2 scrolls of enchant weapon {unknown}
 f - 2 scrolls of enchant armour {unknown}
 h - a scroll of remove curse {unknown}
 q - 2 scrolls of fog {unknown}
 r - 2 scrolls of fear {unknown}
 t - a scroll of amnesia {unknown}
 v - a scroll of blinking {unknown}
Potions
 i - a potion of cancellation
 k - 2 potions of haste {unknown}
 n - a potion of berserk rage
 o - a potion of might {unknown}
 p - a potion of brilliance {unknown}
 u - a potion of mutation {unknown}
Comestibles
 a - 8 rations


   Skills:
 + Level 3.5 Fighting
 + Level 3.6 Dodging
 * Level 6.4 Stealth
 * Level 5.5 Unarmed Combat


You had 5 spell levels left.
You didn't know any spells.
Your spell library contained the following spells:

 Spells                   Type           Power        Failure   Level  Hunger
 Throw Frost              Conj/Ice       #.....       45%         2    ###....
 Freeze                   Ice            #...         32%         1    ##.....
 Summon Ice Beast         Ice/Summ       #.......     97%         4    #####..
 Ozocubu's Armour         Chrm/Ice       #.......     69%         3    ####...
 Throw Icicle             Conj/Ice       #.......     97%         4    #####..


Dungeon Overview and Level Annotations

Branches:
Dungeon (5/15)
 Temple: D:4-7

Altars:
Kikubaaqudgha

Annotations:
D:3 2 transporters
D:5 grindst0ne's ghost, novice OpFi


Innate Abilities, Weirdness & Mutations

You cannot wear most types of armour.
You are very stealthy in the water. (Stealth+)
You are amphibious.
You can wear up to eight rings at the same time.
You can use your tentacles to constrict eight enemies at once.
Your skin changes colour to match your surroundings (Stealth+).
Your rubbery body absorbs attacks. (AC +1, EV +1)


Message History

A red film seems to cover your vision as you go berserk!
You feel yourself moving faster!
You feel mighty!
* * * LOW HITPOINT WARNING * * *
You feel very sick. Grindst0ne's ghost closely misses you.
You are too berserk!
You barely miss grindst0ne's ghost. You squeeze grindst0ne's ghost!
Grindst0ne's ghost is moderately damaged.
* * * LOW HITPOINT WARNING * * *
You feel sick. Grindst0ne's ghost hits you.
* * * LOW HITPOINT WARNING * * *
You are more poisoned.
You are too berserk!
You closely miss grindst0ne's ghost. You squeeze grindst0ne's ghost!
Grindst0ne's ghost is severely damaged.
* * * LOW HITPOINT WARNING * * *
You feel sick.
You closely miss grindst0ne's ghost. Your squeeze misses grindst0ne's ghost.
Grindst0ne's ghost is severely damaged.
You die...

.......#.#
###.
.....##.## ##
...#...#
......#.##
.######..#
##.## ###..#
###....#
##..@..#.#
#..W...#.:#
#.......###.#
#........# ..
..........#
...
.........##
.#.
.........#
........##
##....[##


You could see grindst0ne's ghost.

Vanquished Creatures
  A big kobold (D:4)
  An orc priest (D:4)
  A hound (D:4)
  An iguana (D:4)
  An orc wizard (D:4)
  2 worker ants
  A hound skeleton (D:5)
  Robin (D:4)
  4 gnolls (D:2)
  4 adders
  2 worms
  A dart slug (D:1)
  3 leopard geckos (D:4)
  4 orcs
  4 giant cockroaches
  16 goblins
  11 hobgoblins
  5 jackals (D:3)
  6 bats
  2 frilled lizards
  5 kobolds
  A quokka skeleton (D:4)
  7 rats
84 creatures vanquished.

Notes
Turn   | Place    | Note
-------+----------+-------------------------------------------
     0 | D:1      | Verendum the Octopode Monk began the quest for the Orb.
     0 | D:1      | Reached XP level 1. HP: 16/16 MP: 1/1
   103 | D:1      | Reached XP level 2. HP: 21/21 MP: 2/2
   630 | D:2      | Reached skill level 3 in Stealth
   645 | D:2      | Reached XP level 3. HP: 26/26 MP: 3/3
   871 | D:2      | Reached XP level 4. HP: 25/31 MP: 4/4
  1650 | D:3      | Reached skill level 4 in Stealth
  1819 | D:3      | Reached XP level 5. HP: 28/36 MP: 5/5
  1910 | D:3      | Found a transporter.
  1919 | D:3      | Found an ancient bone altar of Kikubaaqudgha.
  1965 | D:3      | Found a transporter.
  2402 | D:4      | Reached skill level 5 in Stealth
  2712 | D:4      | Noticed a big kobold
  2727 | D:4      | Killed a big kobold
  2727 | D:4      | Reached skill level 6 in Stealth
  2727 | D:4      | Reached skill level 5 in Unarmed Combat
  2727 | D:4      | Reached XP level 6. HP: 42/42 MP: 6/6
  2751 | D:4      | Noticed Robin
  2768 | D:4      | Killed Robin
  3520 | D:5      | Entered Level 5 of the Dungeon
  3680 | D:5      | Noticed grindst0ne's ghost (novice OpFi)
  3704 | D:5      | HP: 3/63 [grindst0ne's ghost (4)]
  3705 | D:5      | HP: 1/63 [poisoned by grindst0ne's ghost]
  3706 | D:5      | Succumbed to grindst0ne's ghost's poison

Vault maps used:
D:1:      dpeg_arrival_more_subterranean_lakeside_camping
D:3:      gammafunk_wand_slinger, lemuel_doored_altar
D:4:      uniq_robin
D:5:      serial_shops, shop, first_ration

Skill      XL: |  1  2  3  4  5 |
---------------+----------------+-----
Stealth        | 3 4 6 |  6.4
Unarmed Combat | 4 5 |  5.5
Fighting       | |  3.5
Dodging        | |  3.6

Action                   |  1- 3 |  4- 6 || total
-------------------------+-------+-------++-------
Melee: Unarmed           |    48 |   149 ||   197
       Tentacles         |     7 |    40 ||    47
       Constrict         |    10 |    36 ||    46
       Punch             |     1 |     6 ||     7
  Use: Potion            |       |     7 ||     7
 Stab: Sleeping          |     6 |    11 ||    17
       Distracted        |     2 |     1 ||     3
  Eat: Chunk             |       |     8 ||     8
Armor: Skin              |     3 |     4 ||     7
Dodge: Dodged            |    39 |    79 ||   118

Table legend:
 A = Spawn XP
 B = Non-spawn XP
 C = Spawn XP percentage of total XP
 D = Spawn monster count
 E = Non-spawn monster count
 F = Spawn count percentage of total count
 G = Total turns spent on level
                    A         B        C        D         E        F      G
               +---------+---------+-------+---------+---------+-------+---------
         Total |       0 |     581 |   0.0 |       0 |      84 |   0.0 |  3706
               +---------+---------+-------+---------+---------+-------+---------
           D:1 |       0 |      30 |   0.0 |       0 |      19 |   0.0 |   604
           D:2 |       0 |      88 |   0.0 |       0 |      16 |   0.0 |   843
           D:3 |       0 |      60 |   0.0 |       0 |      20 |   0.0 |   850
           D:4 |       0 |     352 |   0.0 |       0 |      27 |   0.0 |  1223
           D:5 |       0 |      51 |   0.0 |       0 |       2 |   0.0 |   186
               +---------+---------+-------+---------+---------+-------+---------
